 Dungeon Crawl Stone Soup version 0.30-a0-986-g7f2e898f52 (webtiles) character file.

Game seed: 7597247958227020418

641631 Bnni the Impregnable (level 27, -3/208 HPs)
             Began as a Formicid Earth Elementalist on Apr 1, 2023.
             Was a High Priest of Cheibriados.
             Killed from afar by a hellion (25 damage)
             ... with damnation
             ... on level 4 of the Iron City of Dis on Apr 2, 2023.
             The game lasted 05:23:32 (80189 turns).

Bnni the Impregnable (Formicid Earth Elementalist) Turns: 80189, Time: 05:23:32

Health: -3/208     AC: 42    Str: 27    XL:     27
Magic:  9/43       EV: 12    Int: 51    God:    Cheibriados [*****.]
Gold:   5171       SH: 33    Dex: 28    Spells: 9/58 levels left

rFire   + . .      SeeInvis +    k - staff of earth
rCold   + + .      Faith    .    O - +8 tower shield {reflect}
rNeg    + + .      Spirit   .    I - +11 crystal plate armour of Laalotik {rN+ SInv}
rPois   +          Reflect  +    (helmet unavailable)
rElec   .          Rampage  .    H - +2 cloak {Will+}
rCorr   +                        n - -1 pair of gloves of Infinity {rF+ Int+5}
Will    ++++.                    c - +2 pair of boots Stlth
                                 s - amulet "Fioho" {Regen+ Int+6}
HPRegen 1.34/turn                Z - ring of Zuqalale {Fly rPois Will+}
MPRegen 0.28/turn                V - ring of Quowaoh {rC++ rN+ rCorr Str-3}

@: flying, studying Ranged Weapons, corroded, very slow
A: permanent stasis, dig shafts and tunnels, antennae 3, four strong arms, frail
1
}: 4/15 runes: serpentine, barnacled, slimy, abyssal
a: Dig, Shaft Self, Renounce Religion, Bend Time, Temporal Distortion, Slouch,
Step From Time


You were on level 4 of the Iron City of Dis.
You worshipped Cheibriados.
Cheibriados was extremely pleased with you.
You visited 14 branches of the dungeon, and saw 60 of its levels.
You visited the Abyss 3 times.
You also visited: Trove and Gauntlet.

You collected 7856 gold pieces.
You spent 2685 gold pieces at shops.

Inventory:

Hand Weapons
 C - a +7 lajatang of flaming
 P - the +6 Majin-Bo {spellvamp, MP+6 Int+6}
   (You took it off a skeletal warrior on level 3 of the Crypt)

   Int:       It affects your intelligence (+6).
   MP:        It affects your magic capacity (+6).
Missiles
 o - 2 throwing nets
 w - 21 curare-tipped darts
Armour
 c - a +2 pair of boots (worn)
 f - the +0 pair of gloves of Nesi {Contam rC+ rN+ rCorr Str+4}
   (You found it in a treasure trove)

   Str:       It affects your strength (+4).
   rC:        It protects you from cold.
   rN:        It protects you from negative energy.
   Contam:    It causes magical contamination when unequipped.
   rCorr:     It protects you from acid and corrosion.
 n - the -1 pair of gloves of Infinity (worn) {rF+ Int+5}
   (You found it on level 1 of the Realm of Zot)

   Int:       It affects your intelligence (+5).
   rF:        It protects you from fire.
 u - a scarf of resistance
 H - a +2 cloak of willpower (worn)
 I - the +11 crystal plate armour of Laalotik (worn) {rN+ SInv}
   (You acquired it on level 2 of the Orcish Mines)

   rN:        It protects you from negative energy.
   SInv:      It lets you see invisible.
 O - a +8 tower shield of reflection (worn)
Magical Staves
 k - a staff of earth (weapon)
Jewellery
 m - a ring of fire
 s - the amulet "Fioho" (around neck) {Regen+ Int+6}
   (You found it on level 3 of the Elven Halls)

   [amulet of regeneration]

   Int:       It affects your intelligence (+6).
   Regen:     It increases your rate of health regeneration.
 y - the ring "Peuboyt" {rN+ Str+3}
   (You took it off a skeletal warrior on level 3 of the Crypt)

   [ring of positive energy]

   Str:       It affects your strength (+3).
   rN:        It protects you from negative energy.
 A - the ring of Itaehinn {Fire +Blink rPois rCorr Dex-2}
   (You found it on level 3 of the Crypt)

   [ring of fire]

   It enhances your fire magic.
   Dex:       It affects your dexterity (-2).
   rF:        It protects you from fire.
   rC:        It makes you vulnerable to cold.
   rPois:     It protects you from poison.
   +Blink:    It lets you blink.
   rCorr:     It protects you from acid and corrosion.
 J - a ring of protection from cold
 V - the ring of Quowaoh (right hand) {rC++ rN+ rCorr Str-3}
   (You took it off a skeletal warrior on level 3 of the Crypt)

   [ring of positive energy]

   Str:       It affects your strength (-3).
   rC:        It greatly protects you from cold.
   rN:        It protects you from negative energy.
   rCorr:     It protects you from acid and corrosion.
 Z - the ring of Zuqalale (left hand) {Fly rPois Will+}
   (You took it off a deep elf demonologist on level 3 of the Elven Halls)

   [ring of flight]

   rPois:     It protects you from poison.
   Fly:       It grants you flight.
   Will:      It increases your willpower.
Wands
 q - a wand of iceblast (48)
 G - a wand of digging (11)
 K - a wand of light (21)
 M - a wand of paralysis (29)
Scrolls
 a - 7 scrolls of immolation
 e - 14 scrolls of fog
 g - 5 scrolls of summoning
 h - 2 scrolls of silence
 x - 12 scrolls of vulnerability
 z - 4 scrolls of magic mapping
 T - 10 scrolls of fear
 U - 2 scrolls of brand weapon
 W - 8 scrolls of amnesia
 X - 14 scrolls of poison
Potions
 d - 4 potions of resistance
 j - 6 potions of invisibility
 l - 3 potions of cancellation
 p - 10 potions of might
 t - 14 potions of mutation
 v - 21 potions of curing
 B - 7 potions of lignification
 D - 9 potions of flight
 F - 7 potions of brilliance
 R - 13 potions of attraction
Miscellaneous
 r - the horn of Geryon
 E - a phial of floods
 Q - a box of beasts
 Y - a phantom mirror


   Skills:
 + Level 22.3 Fighting
 + Level 10.4 Staves
 + Level 25.7 Armour
 - Level 8.0 Dodging
 - Level 2.4 Stealth
 - Level 20.0 Shields
 + Level 16.3 Spellcasting
 + Level 18.1 Conjurations
 + Level 12.4 Summonings
 - Level 3.0 Transmutations
 + Level 22.9 Earth Magic
 - Level 13.0 Invocations


You had 9 spell levels left.
You knew the following spells:

 Your Spells              Type           Power      Damage    Failure   Level
a - Sandblast             Erth           100%       2d20      0%          1
b - Passwall              Tmut/Erth      100%       N/A       1%          2
d - Petrify               Tmut/Erth      100%       N/A       1%          4
e - Lee's Rapid Deconstr  Erth           80%        3d36*     0%          5
f - Iron Shot             Conj/Erth      77%        9d14      1%          6
g - Iskenderun's Mystic   Conj/Tloc      94%        2d18      1%          4
l - Lehudib's Crystal Sp  Conj/Erth      77%        10d17     8%          8
o - Orb of Destruction    Conj           61%        9d15      2%          7
s - Spellforged Servitor  Conj/Summ      57%        N/A       9%          7
w - Animate Armour        Summ/Erth      100%       N/A       1%          4
z - Apportation           Tloc           82%        N/A       5%          1

Your spell library contained the following spells:

 Spells                   Type           Power      Damage    Failure   Level
 Magic Dart               Conj           100%       1d8       0%          1
 Searing Ray              Conj           100%       2d8       0%          2
 Stone Arrow              Conj/Erth      100%       3d13      0%          3
 Beastly Appendage        Tmut           100%       N/A       1%          1
 Kiss of Death            Conj/Necr      100%       2d13      1%          1
 Shock                    Conj/Air       100%       1d9       1%          1
 Summon Small Mammal      Summ           100%       N/A       1%          1
 Call Canine Familiar     Summ           100%       N/A       1%          3
 Dazzling Flash           Conj/Hex       100%       N/A       1%          3
 Hailstorm                Conj/Ice       94%        3d19      1%          3
 Summon Guardian Golem    Hex/Summ       81%        N/A       1%          3
 Flame Wave               Conj/Fire      94%        2d20      1%          4
 Fulminant Prism          Conj/Hex       47%        3d21      1%          4
 Sticky Flame             Conj/Fire      94%        2d10      1%          4
 Iskenderun's Battlesphe  Conj           100%       2d15      1%          5
 Wereblood                Tmut           64%        N/A       2%          2
 Sting                    Tmut/Pois      100%       1d8       3%          1
 Fireball                 Conj/Fire      47%        3d19      3%          5
 Summon Ice Beast         Ice/Summ       81%        N/A       4%          4
 Statue Form              Tmut/Erth      87%        N/A       4%          6
 Freeze                   Ice            100%       1d10      5%          1
 Necrotise                Necr           100%       1d9       5%          1
 Slow                     Hex            100%       N/A       5%          1
 Cigotuvi's Dreadful Rot  Necr/Pois/Air  82%        N/A       9%          2
 Ensorcelled Hibernation  Hex/Ice        82%        N/A       9%          2
 Lesser Beckoning         Tloc           82%        N/A       9%          2
 Spider Form              Tmut/Pois      54%        N/A       9%          3
 Summon Mana Viper        Hex/Summ       81%        N/A       12%         5
 Freezing Cloud           Conj/Ice/Air   40%        6-21      13%         5
 Confusing Touch          Hex            41%        N/A       16%         3
 Frozen Ramparts          Ice            82%        1d13      16%         3
 Gell's Gravitas          Tloc           41%        N/A       16%         3
 Inner Flame              Hex/Fire       41%        N/A       16%         3
 Kindle Blastsparks       Fire/Tloc/Air  82%        2d16      16%         3
 Ozocubu's Armour         Ice            41%        N/A       16%         3
 Portal Projectile        Hex/Tloc       82%        N/A       16%         3
 Teleport Other           Tloc           41%        N/A       16%         3
 Tukima's Dance           Hex            41%        N/A       16%         3
 Vampiric Draining        Necr           41%        2d8       16%         3
 Conjure Ball Lightning   Conj/Air       47%        3x3d16    21%         6
 Monstrous Menagerie      Summ           53%        N/A       28%         7
 Summon Hydra             Summ           53%        N/A       28%         7
 Blade Hands              Tmut           32%        N/A       41%         5
 Airstrike                Air            20%        2d(3-19)  47%         4
 Anguish                  Hex/Necr       20%        N/A       47%         4
 Animate Dead             Necr           41%        N/A       47%         4
 Cause Fear               Hex            20%        N/A       47%         4
 Manifold Assault         Tloc           41%        N/A       47%         4
 Passage of Golubria      Tloc           41%        N/A       47%         4
 Yara's Violent Unravell  Hex/Tmut       27%        3d12      63%         5
 Agony                    Necr           41%        N/A       83%         5
 Metabolic Englaciation   Hex/Ice        20%        N/A       83%         5
 Silence                  Hex/Air        20%        N/A       83%         5
 Summon Horrible Things   Summ           53%        N/A       91%         8
 Haunt                    Necr/Summ      40%        N/A       98%         7
 Eringya's Noxious Bog    Tmut/Pois      27%        N/A       99%         6
 Death Channel            Necr           20%        N/A       100%        6
 Dispersal                Tloc           20%        N/A       100%        6
 Simulacrum               Ice/Necr       20%        N/A       100%        6
 Ozocubu's Refrigeration  Ice            20%        4d12      100%        7
 Storm Form               Tmut/Air       27%        N/A       100%        7
 Borgnjor's Revivificati  Necr           20%        N/A       100%        8
 Discord                  Hex            20%        N/A       100%        8
 Disjunction              Tloc           20%        N/A       100%        8
 Infestation              Necr           20%        N/A       100%        8
 Polar Vortex             Ice            20%        N/A       100%        9
 Blink                    Tloc           Unusable   N/A       N/A         2
 Swiftness                Air            Unusable   N/A       N/A         3

Dungeon Overview and Level Annotations

Branches:
Dungeon (15/15)            Temple (1/1) D:4            Lair (5/5) D:10
 Shoals (4/4) Lair:3        Snake (4/4) Lair:2        Slime (5/5) Lair:5
    Orc (2/2) D:10            Elf (3/3) Orc:2        Vaults (4/5) D:13
  Crypt (3/3) Vaults:3       Tomb (0/3) Crypt:3      Depths (4/4) D:15
   Hell (visited)             Dis (4/7) Hell            Geh (0/7) Hell
    Coc (0/7) Hell            Tar (0/7) Hell            Zot (5/5) Depths:4
Gauntlet (visited)

Altars:
Ashenzari
Cheibriados
Dithmenos
Elyvilon
Fedhas
Gozag
Hepliaklqana
Kikubaaqudgha
Makhleb
Nemelex Xobeh
Okawaru
Qazlal
Ru
Sif Muna
Trog
Uskayaw
Vehumet
Wu Jian
Xom
Yredelemnul
Zin
The Shining One
Jiyva
Lugonu

Shops:
D:3 !   D:9 *   Orc:2 ?[*?   Elf:3 (   Shoals:2 [   Shoals:3 [   Snake:4 ::=
Vaults:3 [   Vaults:4 ((

Portals:
Hell: Depths:1 Depths:2 Depths:3 Depths:4
Abyss: Lair:5 Depths:3
Pandemonium: Depths:2 Depths:3
Ziggurat: Depths:2

Annotations:
Snake:1 choppaz's ghost, adept HOFi


Innate Abilities, Weirdness & Mutations

You cannot be hasted, slowed, berserked, paralysed or teleported.
You can dig through walls and to a lower floor.
You have a pair of large antennae on your head. (SInv)
Your four strong arms can wield two-handed weapons with a shield.
You are frail. (-10% HP)


Message History

The war gargoyle launches metal splinters at you.
The spray of metal splinters hits you but does no damage.
Casting: Spellforged Servitor (dangerous; 9% risk of failure)
Confirm with . or Enter, or press ? or * to list all spells.
You feel a surge of power! You block the war gargoyle's attack.
Your spellforged servitor points at the war gargoyle and mumbles some strange words.
The crystal spear hits the war gargoyle!!
Your magical contamination has completely faded away.
You hit the war gargoyle but do no damage.
The war gargoyle is heavily damaged.
You block the war gargoyle's attack.
Unknown command.
You hit the war gargoyle but do no damage.
You shatter the war gargoyle!
The war gargoyle is heavily damaged.
The war gargoyle launches metal splinters at you.
The spray of metal splinters hits you but does no damage.
Unknown command.
You hit the war gargoyle but do no damage.
The war gargoyle is heavily damaged.
You block the war gargoyle's attack.
Your spellforged servitor points at the war gargoyle and mumbles some strange words.
The crystal spear hits the war gargoyle!!!
The war gargoyle is destroyed!
Cheibriados thoroughly appreciates the change of pace.
The hellion gestures at you.
The sphere of damnation explodes!
The damnation engulfs you!
* * * LOW HITPOINT WARNING * * *
The damnation engulfs your animated crystal plate armour!!
You feel better. The hellion gestures at you.
The sphere of damnation explodes!
The damnation engulfs you!!
* * * LOW HITPOINT WARNING * * *
The damnation engulfs your animated crystal plate armour!!!
The tormentor hits your spellforged servitor.
The tormentor barely misses your spellforged servitor.
You feel better. The hellion gestures at you.
The sphere of damnation explodes!
The damnation engulfs you!!
You die...

#### .....
..... # ......
.#
......#####.#
.......9....#
......22[@..#
....####+#### .
#..8.8..#
#.......#
#8.÷...8#
.'...∩...'.
..#8.÷...8#..
#..#.......#..#
.. #..8.8..# .#


You could see a hellion (ally target), a tormentor, a friendly spellforged
servitor (summoned) and a friendly animated crystal plate armour (summoned).

Vanquished Creatures
  the Royal Jelly (Slime:5)
  2 dread liches
  An orb of fire (Zot:2)
  3 ancient liches
  Parghit (Zot:2)
  Vashnia (Snake:2)
  9 caustic shrikes
  5 curse toes
  A golden dragon (Zot:4)
  Geryon (Hell)
  Nikola (Snake:1)
  Jory (Vaults:3)
  The ghost of Dopruoza the Gelid, an adept DsWn of Vehumet (Snake:3)
  An electric golem (Zot:4)
  Jorgrun (D:12)
  A hellephant (Depths:1)
  6 liches
  Zenata (Vaults:3)
  A Hell Sentinel (Dis:4)
  Rupert (D:13)
  4 tentacled monstrosities
  An Executioner (Depths:3)
  15 acid blobs
  7 death cobs
  2 deep elf master archers (Elf:3)
  A kraken (Shoals:2)
  Murray (Hell)
  2 searing wretches (Depths:3)
  A sphinx (Vaults:2)
  8 ancient champions
  The ghost of tmaa the Brawler, an adept TrGl of Okawaru (Snake:2)
  Frances (D:12)
  A shadow dragon (Zot:4)
  4 storm dragons
  Kirke (D:14)
  2 draconian monks (Zot:4)
  4 nagarajas
  2 revenants
  4 fire giants
  A rockslime (Slime:5)
  3 azure jellies (Slime:5)
  2 frost giants
  2 draconian scorchers (Zot:2)
  2 quicksilver elementals (Dis:2)
  5 deep elf sorcerers
  4 draconian knights
  2 vault wardens
  4 draconian shifters
  5 ghost moths
  5 curse skulls
  A juggernaut zombie (Hell)
  3 deep elf elementalists (Elf:3)
  A balrug (Depths:3)
  3 draconian annihilators
  A caustic shrike zombie (Hell)
  5 quicksilver oozes (Slime:5)
  3 ironbound preservers
  5 stone giants
  4 reapers (Hell)
  2 draconian stormcallers
  5 war gargoyles
  5 ghouls
  2 ironbound thunderhulks
  3 black draconians
  5 very ugly things
  2 deep elf demonologists (Elf:3)
  2 green draconians
  3 lorocyprocas
  2 vampire knights
  2 minotaurs
  3 deep elf annihilators
  2 dire elephants
  2 yellow draconians (Zot:4)
  5 white draconians
  2 red draconians
  5 purple draconians
  Snorg (D:12)
  4 spark wasps
  An iron golem (Dis:2)
  2 ettins
  A crystal guardian (Vaults:2)
  3 eidola
  3 deep elf death magi
  A merfolk javelineer (Shoals:3)
  Josephine (D:12)
  A spriggan zombie (Hell)
  5 great orbs of eyes
  2 deep elf high priests (Elf:3)
  7 fire dragons
  4 yaktaur captains
  An entropy weaver (Vaults:1)
  3 hydras
  2 catoblepae
  A peacekeeper (Vaults:2)
  Fannar (D:12)
  3 ice dragons
  A stoker (Hell)
  Erolcha (D:12)
  5 boulder beetles
  17 centaur warriors
  11 anacondas
  A juggernaut simulacrum (Hell)
  2 ironbound frosthearts (Vaults:2)
  2 spriggan air magi (Depths:4)
  A death knight (Crypt:1)
  8 satyrs (Shoals:4)
  5 two-headed ogres
  19 dancing weapons
  4 deep troll shamans
  4 vampire magi
  4 tengu warriors
  13 naga warriors
  A shock serpent (shapeshifter) (Depths:4)
  2 large abominations (Lair:5)
  A death yak (Lair:5)
  3 thrashing horrors (Lair:5)
  2 deep troll earth magi
  13 naga sharpshooters
  8 shock serpents
  6 spriggan berserkers
  7 hell knights
  2 soul eaters
  2 hell hogs
  An orc high priest (Elf:2)
  2 wretched stars (Abyss:3)
  Sonja (D:12)
  A fire crab (Abyss:3)
  2 skysharks
  16 deep elf knights
  Amaemon (Lair:2)
  A shadow wraith (Crypt:3)
  2 salamander mystics
  A sea snake (Shoals:3)
  7 skeletal warriors
  8 flayed ghosts
  An orange crystal statue (Vaults:2)
  A quicksilver dragon simulacrum (Depths:3)
  5 wizards
  A glowing orange brain (Depths:1)
  14 deep trolls
  6 deep elf archers
  A bog body (Crypt:2)
  8 naga ritualists
  5 lindwurms
  13 ironbound convokers
  2 phantasmal warriors
  Pikel (D:7)
  41 harpies
  19 ugly things
  5 shining eyes
  19 deep elf zephyrmancers
  9 necromancers
  12 orc knights
  A shadow dragon zombie (Hell)
  A wolf spider (shapeshifter) (Vaults:2)
  17 deep elf pyromancers
  A fire giant zombie (Crypt:1)
  3 frost giant zombies (Hell)
  23 mana vipers
  10 cyclopes
  10 salamanders
  3 orc sorcerers
  15 fauns
  11 manticores
  15 elephants
  9 moths of wrath
  40 black mambas
  A human skeleton (Vaults:4)
  5 water nymphs
  A frost giant skeleton (Crypt:2)
  2 rust devils
  2 orange demons
  5 smoke demons
  4 merfolk sirens
  7 vault sentinels
  3 eyes of devastation
  10 naga magi
  Joseph (D:7)
  2 torpor snails
  7 guardian serpents
  A yaktaur zombie (Vaults:2)
  An elephant slug zombie (Crypt:3)
  9 cane toads
  11 apocalypse crabs (Depths:3)
  2 gargoyles
  An unseen horror (D:12)
  4 komodo dragons
  A yaktaur (shapeshifter) (Elf:3)
  2 yaktaur skeletons
  A rime drake (Lair:3)
  2 tormentors
  4 hellions
  37 yaktaurs
  An ice devil (Depths:3)
  A freezing wraith (D:14)
  A kobold demonologist (D:11)
  A guardian mummy (D:13)
  5 trolls
  A polar bear (Lair:5)
  A hellwing (Depths:2)
  8 hornets
  A meliai (shapeshifter) (Lair:5)
  3 ancient zymes (Lair:5)
  3 human zombies
  A red devil (Depths:1)
  A wolf spider simulacrum (D:14)
  Prince Ribbit (D:7)
  A wind drake (shapeshifter) (Lair:5)
  12 merfolk
  A tarantella (shapeshifter) (Depths:3)
  2 raiju (Abyss:3)
  24 blink frogs
  A fire giant simulacrum (Vaults:3)
  A jumping spider zombie (Crypt:1)
  A snapping turtle (shapeshifter) (D:15)
  3 air elementals
  7 dream sheep (Lair:4)
  A centaur simulacrum (D:15)
  47 slime creatures
  A vampire (D:14)
  7 flying skulls
  8 wraiths
  6 spriggans
  A spriggan (shapeshifter) (D:14)
  4 ynoxinuls
  7 water elementals
  41 yaks
  An alligator skeleton (Crypt:3)
  5 wyverns
  A fire elemental (Elf:3)
  5 golden eyes (Slime:5)
  7 starcursed masses (Abyss:3)
  11 basilisks
  16 humans (D:13)
  2 hogs (D:14)
  3 neqoxecs
  A steam dragon (Lair:2)
  2 redbacks (Vaults:1)
  7 vampire mosquitoes
  A yaktaur simulacrum (Vaults:4)
  A two-headed ogre zombie (Crypt:3)
  3 wargs
  2 acid dragons (D:10)
  36 nagas
  A floating eye (Slime:5)
  10 small abominations
  15 water moccasins
  37 orc warriors
  2 sky beasts (D:7)
  An ice beast (D:5)
  3 boggarts (D:15)
  16 wolves
  3 ogres (Orc:2)
  A manticore zombie (Crypt:2)
  21 centaurs
  A blink frog skeleton (Crypt:2)
  A kobold brigand (D:9)
  8 bullfrogs
  A cyclops zombie (Crypt:2)
  2 scorpions
  7 gnoll sergeants
  4 necrophages
  An earth elemental (Elf:1)
  6 wights (D:9)
  8 killer bees (D:10)
  A polar bear skeleton (Crypt:1)
  3 electric eels
  2 howler monkeys (D:13)
  6 hounds
  11 orc priests
  Crazy Yiuf (D:2)
  2 gnoll boudas
  A jelly (D:6)
  A sleepcap (D:7)
  3 iguanas
  Natasha (D:2)
  17 orc wizards
  3 hell rats (Hell)
  3 nameless horrors
  A deep dwarf zombie (Crypt:1)
  19 gnolls
  7 adders
  2 shadow imps (Gauntlet)
  2 white imps
  An ufetubus (D:7)
  An iguana zombie (Crypt:2)
  6 worms (D:2)
  2 dart slugs
  61 orcs
  7 ball pythons
  6 bats
  11 endoplasms
  A giant cockroach (D:2)
  5 goblins
  7 hobgoblins
  7 jackals
  2 quokkas
  A frilled lizard (D:2)
  A gnoll skeleton (Crypt:3)
  8 kobolds
  7 rats
  A river rat skeleton (Crypt:1)
  A creeping inferno (Hell)
  2 fire vortices (Hell)
  3 tentacles
1583 creatures vanquished.

Vanquished Creatures (collateral kills)
  A dread lich (Zot:1)
  2 ancient liches (Zot:1)
  An orb of fire (Zot:2)
  The ghost of Ogritsah the Conqueror, a legendary MiBe of Trog (Zot:1)
  Mennas (Vaults:3)
  A Killer Klown (Zot:2)
  A curse toe (Zot:5)
  5 caustic shrikes (Dis:3)
  Saint Roka (Snake:4)
  5 golden dragons
  3 doom hounds (Zot:3)
  2 bone dragons
  4 electric golems
  A Tzitzimitl (Zot:3)
  13 tentacled monstrosities
  A hellephant (Hell)
  2 Orb Guardians (Zot:5)
  3 quicksilver dragons
  A searing wretch (Depths:3)
  Grunn (Zot:3)
  A Hell Sentinel (Dis:3)
  A kraken (Shoals:3)
  The ghost of Biunumosm the Warrior, an adept OpVM of Qazlal (Depths:4)
  2 ancient champions
  6 death cobs
  A tentacled starspawn (Abyss:3)
  2 deep elf blademasters
  7 sphinxes
  An acid blob (Slime:5)
  A tengu reaver (Depths:2)
  Donald (Vaults:1)
  3 shadow dragons
  4 draconian monks
  8 storm dragons
  4 nagarajas (Snake:4)
  A revenant (Crypt:1)
  A draconian knight (Zot:2)
  10 vault wardens
  2 iron dragons (Hell)
  8 rockslimes
  A frost giant (Shoals:2)
  4 draconian scorchers
  3 deep elf sorcerers (Elf:3)
  7 ghouls
  2 fire giants
  5 draconian shifters
  A deep elf elementalist (Elf:3)
  2 orc warlords
  2 spriggan defenders (Depths:4)
  5 draconian stormcallers
  6 quicksilver oozes
  13 ironbound preservers
  A reaper (Hell)
  8 very ugly things
  4 stone giants
  2 war gargoyles
  3 draconian annihilators
  10 green draconians
  An ironbound thunderhulk (Vaults:1)
  7 black draconians
  5 vampire knights
  2 lorocyprocas (Depths:3)
  2 deep elf annihilators (Elf:3)
  2 putrid mouths (Zot:3)
  15 dire elephants
  7 red draconians
  A deep elf demonologist (Elf:3)
  7 purple draconians
  3 yellow draconians
  11 white draconians
  5 spark wasps
  2 iron golems (Dis:2)
  2 blizzard demons
  4 deep elf death magi (Elf:3)
  3 ettins
  2 eidola
  5 merfolk impalers
  A fire dragon (Depths:1)
  A shambling mangrove (Abyss:3)
  11 jiangshi
  A quicksilver dragon zombie (Hell)
  2 great orbs of eyes
  A hell beast (Depths:3)
  A vault guard (Vaults:2)
  A quicksilver dragon skeleton (Vaults:3)
  A rakshasa (Depths:2)
  2 yaktaur captains (Vaults:4)
  5 centaur warriors
  A ghost crab (Abyss:3)
  5 ice dragons
  2 alligator snapping turtles
  4 anacondas (Snake:4)
  A merfolk aquamancer (Shoals:2)
  2 satyrs (Shoals:4)
  4 dancing weapons (Elf:2)
  3 tengu warriors (Depths:2)
  8 deep troll shamans
  A death knight (Crypt:2)
  2 hell hogs
  4 naga warriors (Snake:4)
  3 deep troll earth magi
  A vampire mage (Crypt:1)
  4 thrashing horrors (Abyss:3)
  15 hell knights
  3 shock serpents (Snake:4)
  7 soul eaters
  A titan zombie (Hell)
  A storm dragon zombie (Vaults:2)
  A wretched star (Abyss:3)
  3 naga sharpshooters (Snake:4)
  5 sun demons
  3 crystal echidnas
  A deep elf knight (Elf:2)
  A titan skeleton (Crypt:3)
  A shadow wraith (Crypt:2)
  2 skysharks
  16 iron trolls
  A golden dragon zombie (Hell)
  29 skeletal warriors
  6 salamander mystics (Snake:4)
  3 flayed ghosts
  A glowing orange brain (Abyss:3)
  4 sea snakes
  9 phantasmal warriors
  3 naga ritualists (Snake:4)
  2 ironbound convokers
  5 lindwurms
  7 harpies
  A deep elf archer (Elf:1)
  66 deep trolls
  5 bog bodies
  2 nameless horrors
  2 mana vipers (Snake:4)
  A shadow dragon zombie (Vaults:3)
  4 cyclopes
  4 orc knights
  6 deep elf pyromancers
  A deep elf zephyrmancer (Elf:2)
  12 ugly things
  A frost giant zombie (Hell)
  2 fire giant zombies (Hell)
  3 human zombies
  A shining eye (Slime:3)
  5 fauns
  6 salamanders (Snake:4)
  An iron dragon zombie (Crypt:1)
  A cyclops (shapeshifter) (Depths:4)
  2 necromancers
  10 manticores
  2 large abominations (Abyss:3)
  7 moths of wrath
  An iron dragon skeleton (Crypt:3)
  2 merfolk sirens
  3 naga magi (Snake:4)
  A water nymph (Shoals:4)
  2 apocalypse crabs (Abyss:3)
  8 rust devils
  8 vault sentinels
  2 guardian serpents (Snake:4)
  A stone giant skeleton (Vaults:4)
  An eye of devastation (Slime:4)
  A smoke demon (Depths:1)
  7 black mambas (Snake:4)
  An orange demon (Depths:2)
  A demonic crawler (Depths:3)
  A spriggan zombie (Hell)
  A yaktaur zombie (Vaults:3)
  An alligator snapping turtle skeleton (Crypt:2)
  A hellion (Depths:3)
  13 yaktaurs
  2 tormentors
  2 freezing wraiths
  An ice devil (Depths:3)
  An ancient zyme (Abyss:3)
  A hellwing (Abyss:3)
  7 merfolk
  3 hornets
  2 wind drakes
  A raiju (Abyss:3)
  A jumping spider zombie (Crypt:3)
  A raiju (shapeshifter) (Depths:2)
  2 dream sheep (Shoals:4)
  A boulder beetle zombie (Crypt:3)
  14 snapping turtles
  3 small abominations (Abyss:3)
  A black mamba zombie (Crypt:2)
  2 flying skulls
  39 slime creatures
  8 water elementals
  A ynoxinul (Abyss:3)
  A dire elephant simulacrum (Abyss:3)
  An ice dragon skeleton (Crypt:3)
  A vampire (Abyss:3)
  4 wraiths
  A fire elemental (Elf:3)
  3 starcursed masses (Abyss:3)
  A neqoxec (Abyss:3)
  A chaos spawn (Abyss:3)
  5 nagas (Snake:4)
  A warg (Snake:4)
  An orc warrior (Elf:2)
  A dream sheep skeleton (Crypt:2)
  A draconian skeleton (Crypt:1)
  5 necrophages
  A bullfrog zombie (Crypt:3)
  An orc priest (Snake:4)
  2 hell rats (Depths:3)
  A steam dragon zombie (Crypt:1)
  A white imp (Abyss:3)
  A jackal skeleton (Crypt:1)
  A rat skeleton (Crypt:3)
  8 tentacles
819 creatures vanquished.

Vanquished Creatures (others)
  A kraken (Abyss:3)
  A tengu warrior (Depths:3)
  2 deep elf knights
  A mana viper (Snake:2)
  3 deep elf pyromancers
  2 manticores (Shoals:4)
  A deep elf zephyrmancer (Elf:1)
  A black mamba (Snake:4)
  Psyche (D:9)
  A tengu conjurer (Depths:2)
  2 humans (D:14)
  2 nagas
  A jackal (D:7)
  28 fungi
  110 plants
  3 starspawn tentacles (Abyss:3)
  11 tentacles
  2 withered plants
173 creatures vanquished.

Grand Total: 2575 creatures vanquished

Notes
Turn   | Place    | Note
-------+----------+-------------------------------------------
     0 | D:1      | Bnni the Formicid Earth Elementalist began the quest for
                  | the Orb.
     0 | D:1      | Reached XP level 1. HP: 13/13 MP: 3/3
   183 | D:1      | Reached XP level 2. HP: 20/20 MP: 1/5
   402 | D:1      | Found a faded altar of an unknown god.
   520 | D:1      | Got Orenter's Volume of Unified Stolen Souls
   579 | D:1      | Learned a level 2 spell: Passwall
   917 | D:2      | Reached skill level 1 in Fighting
   917 | D:2      | Reached XP level 3. HP: 25/26 MP: 1/6
  1304 | D:2      | Learned a level 3 spell: Stone Arrow
  1476 | D:2      | Reached XP level 4. HP: 32/32 MP: 1/8
  2042 | D:2      | Found a runed translucent door.
  2043 | D:2      | Noticed Crazy Yiuf
  2053 | D:2      | Killed Crazy Yiuf
  2054 | D:2      | Reached skill level 5 in Earth Magic
  2054 | D:2      | Reached XP level 5. HP: 29/38 MP: 2/9
  2179 | D:3      | Noticed Natasha
  2186 | D:2      | Killed Natasha
  2187 | D:2      | Reached skill level 1 in Shields
  2195 | D:2      | Learned a level 4 spell: Petrify
  2322 | D:3      | Found Juexedoi's Distillery.
  2332 | D:3      | Bought a potion of curing for 36 gold pieces
  2702 | D:4      | Found a staircase to the Ecumenical Temple.
  2718 | Temple   | Entered the Ecumenical Temple
  2924 | Temple   | Became a worshipper of Cheibriados the Contemplative
  3195 | D:4      | Reached XP level 6. HP: 42/46 MP: 5/10
  3284 | D:4      | Found a sacrificial altar of Ru.
  3513 | D:4      | Reached skill level 1 in Invocations
  3733 | D:4      | Found an iron altar of Okawaru.
  3858 | D:5      | Entered Level 5 of the Dungeon
  3917 | D:4      | Reached XP level 7. HP: 32/51 MP: 0/11
  4202 | D:5      | Found a hazy altar of Hepliaklqana.
  4218 | D:5      | Reached * piety under Cheibriados
  4841 | D:6      | Noticed a wyvern
  4857 | D:6      | Killed a wyvern
  4858 | D:6      | Reached XP level 8. HP: 53/60 MP: 4/12
  4985 | D:6      | Reached skill level 5 in Shields
  5381 | D:6      | Identified the +5 spear of Poverty {chaos, Str+3}
  5459 | D:6      | Reached XP level 9. HP: 67/67 MP: 10/13
  5570 | D:6      | Found an ornate altar of the Wu Jian Council.
  5851 | D:7      | Reached ** piety under Cheibriados
  5852 | D:7      | Reached skill level 5 in Fighting
  6074 | D:7      | Reached skill level 5 in Invocations
  6121 | D:7      | Noticed Pikel
  6180 | D:7      | Killed Pikel
  6289 | D:7      | Reached skill level 10 in Earth Magic
  6496 | D:7      | Reached XP level 10. HP: 76/76 MP: 12/14
  6531 | D:7      | Noticed Prince Ribbit
  6538 | D:7      | Killed Prince Ribbit
  6941 | D:7      | Noticed Joseph
  6957 | D:7      | Killed Joseph
  7034 | D:7      | Reached *** piety under Cheibriados
  7109 | D:8      | Found a shimmering altar of Xom.
  7733 | D:8      | Learned a level 5 spell: Lee's Rapid Deconstruction
  7862 | D:9      | Noticed Psyche
  7961 | D:9      | Found Cieg Qie's Specific Store.
  8068 | D:9      | Found Deorauq's General Store.
  8090 | D:9      | Reached skill level 1 in Armour
  8093 | D:9      | Bought a scroll of fog for 52 gold pieces
  8198 | D:9      | Reached **** piety under Cheibriados
  8218 | D:9      | Killed Psyche
  8223 | D:9      | Reached skill level 2 in Armour
  8245 | D:9      | Reached XP level 11. HP: 71/84 MP: 16/16
  8471 | D:9      | Found a blossoming altar of Fedhas.
  8853 | D:10     | Entered Level 10 of the Dungeon
  8919 | D:10     | Reached skill level 3 in Armour
  8966 | D:10     | Found a staircase to the Lair.
  8976 | D:10     | Noticed a two-headed ogre
  8982 | D:10     | Killed a two-headed ogre
  9014 | D:10     | Reached ***** piety under Cheibriados
  9095 | D:10     | Reached skill level 4 in Armour
  9185 | D:10     | Found a staircase to the Orcish Mines.
  9495 | D:10     | Found a burning altar of Makhleb.
  9511 | D:11     | Noticed a manticore
  9516 | D:11     | Killed a manticore
  9559 | D:11     | Noticed a two-headed ogre
  9601 | D:11     | Killed a two-headed ogre
  9723 | D:11     | Noticed a sun demon
  9730 | D:11     | Noticed a soul eater
  9739 | D:11     | Reached XP level 12. HP: 36/94 MP: 13/18
 10013 | D:11     | Noticed a boulder beetle
 10027 | D:11     | Killed a boulder beetle
 10028 | D:11     | Reached skill level 10 in Shields
 10090 | D:11     | Reached skill level 5 in Armour
 10210 | D:11     | Noticed a two-headed ogre
 10219 | D:11     | Killed a two-headed ogre
 10591 | D:12     | Noticed Erolcha
 10597 | D:12     | Killed Erolcha
 10734 | D:12     | Reached skill level 6 in Armour
 10763 | D:12     | Noticed Snorg
 10769 | D:12     | Noticed a two-headed ogre
 10771 | D:12     | Killed Snorg
 10774 | D:12     | Killed a two-headed ogre
 10775 | D:12     | Reached skill level 10 in Invocations
 10887 | D:12     | Noticed a two-headed ogre
 10892 | D:12     | Killed a two-headed ogre
 10911 | D:12     | Noticed Fannar
 10923 | D:12     | Killed Fannar
 10926 | D:12     | Reached skill level 10 in Fighting
 10937 | D:12     | Noticed Sonja
 10944 | D:12     | Killed Sonja
 10947 | D:12     | Reached skill level 7 in Armour
 10947 | D:12     | Reached XP level 13. HP: 58/103 MP: 17/20
 11149 | D:12     | Noticed Frances
 11161 | D:12     | Killed Frances
 11170 | D:12     | Noticed Jorgrun
 11656 | D:12     | Killed Jorgrun
 11931 | D:12     | Noticed Josephine
 11936 | D:12     | Killed Josephine
 11937 | D:12     | Reached skill level 8 in Armour
 12094 | Lair:1   | Entered Level 1 of the Lair of Beasts
 12301 | Lair:1   | Identified the +4 scale mail of the Catamount {rF+ Will+}
 12970 | Lair:2   | Noticed Amaemon
 12976 | Lair:2   | You fall into a shaft and drop 2 floors!
 13226 | Lair:4   | Reached skill level 9 in Armour
 13363 | Lair:4   | Reached XP level 14. HP: 100/113 MP: 20/23
 13844 | Lair:4   | Reached ****** piety under Cheibriados
 14529 | Lair:2   | Killed Amaemon
 14816 | Lair:2   | You fall into a shaft and drop 1 floor!
 15065 | Lair:3   | Reached skill level 10 in Armour
 15118 | Lair:3   | Found a staircase to the Shoals.
 16054 | Lair:2   | Found a staircase to the Snake Pit.
 16403 | Lair:5   | Entered Level 5 of the Lair of Beasts
 16856 | Lair:5   | Found a staircase to the Slime Pits.
 16856 | Lair:5   | Found a viscous altar of Jiyva.
 16980 | Lair:5   | Reached XP level 15. HP: 95/122 MP: 20/24
 16993 | Lair:5   | Reached skill level 15 in Shields
 17210 | Lair:5   | Reached skill level 11 in Armour
 17715 | Lair:5   | Found the +5 robe of Night {Dark Will+ SInv}
 18341 | Lair:5   | Found a corrupted altar of Lugonu.
 18341 | Lair:5   | Found a one-way gate to the infinite horrors of the Abyss.
 18734 | Orc:1    | Entered Level 1 of the Orcish Mines
 19100 | Orc:2    | Entered Level 2 of the Orcish Mines
 19118 | Orc:2    | Found a staircase to the Elven Halls.
 19121 | Orc:2    | Reached skill level 5 in Spellcasting
 19137 | Orc:2    | Found a gate leading to a gauntlet.
 19145 | Gauntlet | Entered a Gauntlet
 19145 | Gauntlet | Found a transporter.
 19145 | Gauntlet | Found a transporter.
 19389 | Gauntlet | Found a transporter.
 19393 | Gauntlet | Found a transporter.
 19397 | Gauntlet | Found a runed translucent door.
 19399 | Gauntlet | Found a runed translucent door.
 19401 | Gauntlet | Found a transporter.
 19405 | Gauntlet | Found a transporter.
 19413 | Gauntlet | Found a transporter.
 19430 | Gauntlet | Found a transporter.
 19444 | Gauntlet | Found a transporter.
 19448 | Gauntlet | Found a transporter.
 19456 | Gauntlet | Found a transporter.
 19460 | Gauntlet | Found a transporter.
 19554 | Gauntlet | Found a runed translucent door.
 19759 | Gauntlet | Identified the +2 hat of Liur {rF+}
 19851 | Gauntlet | Identified the +5 halberd of Oniame {elec, Str+3 Dex+3}
 19869 | Gauntlet | Identified the +1 ring mail of Lastrink {rF+ MP+9 Dex-5}
 20361 | Orc:2    | Found Orhov's Armour Shoppe.
 20361 | Orc:2    | Found Nutery's General Store.
 20363 | Orc:2    | Found Saontiry's Magic Scroll Shop.
 20365 | Orc:2    | Found Unnoseha's Magic Scroll Emporium.
 20376 | Orc:2    | Reached skill level 15 in Earth Magic
 20400 | Orc:2    | Bought a scroll of acquirement for 832 gold pieces
 20402 | Orc:2    | Bought a scroll of fear for 56 gold pieces
 20402 | Orc:2    | Bought a scroll of fear for 56 gold pieces
 20402 | Orc:2    | Acquired the +11 crystal plate armour of Laalotik {rN+
                  | SInv}
 20720 | Orc:2    | Found a shimmering blue altar of Sif Muna.
 21462 | D:13     | Reached skill level 12 in Armour
 21570 | D:13     | Identified the +1 hand axe of Amortisation {holy, rC+ Str+3
                  | Int+3 Dex-4}
 21590 | D:13     | Noticed Rupert
 21692 | D:13     | Killed Rupert
 22009 | D:13     | Found a gate to the Vaults.
 22021 | D:13     | Reached XP level 16. HP: 132/132 MP: 17/25
 22532 | D:13     | Found a portal to a secret trove of treasure.
 23272 | D:14     | Noticed Kirke
 23313 | D:14     | Killed Kirke
 23608 | D:14     | Reached skill level 13 in Armour
 23917 | D:14     | Found a sacrificial altar of Ru.
 24307 | D:15     | Entered Level 15 of the Dungeon
 25013 | D:15     | Reached skill level 1 in Staves
 25371 | D:15     | Found a staircase to the Depths.
 26364 | Snake:1  | Entered Level 1 of the Snake Pit
 26385 | Snake:1  | Reached skill level 14 in Armour
 26694 | Orc:2    | Bought an amulet of regeneration for 480 gold pieces
 26829 | Snake:1  | Reached XP level 17. HP: 140/140 MP: 21/27
 27034 | Snake:1  | Noticed Nikola
 27050 | Snake:1  | Killed Nikola
 27455 | Snake:1  | Reached skill level 15 in Fighting
 28043 | Snake:1  | Found a runed translucent door.
 28045 | Snake:1  | Noticed choppaz's ghost (adept HOFi)
 28942 | Snake:2  | Reached skill level 15 in Armour
 29123 | Snake:2  | Reached skill level 5 in Staves
 29190 | Snake:2  | Learned a level 6 spell: Iron Shot
 29203 | Snake:2  | Noticed Vashnia
 29214 | Snake:2  | Killed Vashnia
 29215 | Snake:2  | Reached skill level 1 in Conjurations
 29981 | Snake:2  | Reached XP level 18. HP: 149/149 MP: 24/28
 30117 | Snake:2  | Found a large runed translucent door.
 30118 | Snake:2  | Found a large runed translucent door.
 30120 | Snake:2  | Noticed tmaa's ghost (adept TrGl)
 30195 | Snake:2  | Killed tmaa's ghost
 32142 | Snake:3  | Reached skill level 5 in Conjurations
 32185 | Snake:3  | Found a runed translucent door.
 32190 | Snake:3  | Noticed Dopruoza's ghost (adept DsWn)
 32865 | Snake:3  | Killed Dopruoza's ghost
 33004 | Snake:4  | Entered Level 4 of the Snake Pit
 33093 | Snake:4  | Found Yzokkuo's Jewellery Shop.
 33093 | Snake:4  | Found Estidoef's Book Shoppe.
 33101 | Snake:4  | Found Waahud's Book Shoppe.
 33122 | Snake:4  | Bought Qaope's Book of the Cwm for 864 gold pieces
 33127 | Snake:4  | Learned a level 4 spell: Animate Armour
 33157 | Snake:4  | Noticed Saint Roka
 33169 | Snake:4  | Killed Saint Roka
 33170 | Snake:4  | Reached skill level 16 in Armour
 33259 | Snake:4  | Reached skill level 1 in Summonings
 33466 | Snake:4  | Reached XP level 19. HP: 146/157 MP: 16/29
 34444 | Snake:4  | Got a serpentine rune of Zot
 34788 | Shoals:1 | Entered Level 1 of the Shoals
 35627 | Shoals:2 | Reached skill level 17 in Armour
 36136 | Shoals:2 | Found Assipattle's Dragon-Slaying Spoils.
 36791 | Shoals:3 | Reached XP level 20. HP: 166/166 MP: 21/31
 37174 | Shoals:3 | Found Zuzonyz's Armour Shoppe.
 37571 | Shoals:4 | Entered Level 4 of the Shoals
 38006 | Shoals:4 | Reached skill level 18 in Armour
 38136 | Shoals:4 | Got a barnacled rune of Zot
 38265 | Shoals:4 | Got the Papyrus of Adjuration
 38879 | Orc:2    | Bought a scroll of enchant weapon for 105 gold pieces
 39073 | D:3      | Bought 2 potions of curing for 72 gold pieces
 39073 | D:3      | Bought a potion of curing for 36 gold pieces
 39073 | D:3      | Bought a potion of magic for 96 gold pieces
 39281 | Vaults:1 | Entered Level 1 of the Vaults
 40013 | Vaults:1 | Reached skill level 10 in Conjurations
 40185 | Vaults:1 | Noticed Donald
 40192 | Vaults:1 | Killed Donald
 40193 | Vaults:1 | Reached XP level 21. HP: 142/174 MP: 14/33
 42074 | Vaults:2 | Found a transporter.
 42088 | Vaults:2 | Found a transporter.
 42251 | Vaults:2 | Identified the scarf of the Shining Light {harm, Contam
                  | rElec Will+ Str+2}
 42252 | Vaults:2 | Identified the +7 hand axe "Fytiunlu" {elec, Str+2}
 43035 | Vaults:2 | Reached skill level 19 in Armour
 43484 | Vaults:3 | Reached XP level 22. HP: 176/183 MP: 27/35
 43565 | Vaults:3 | Found Ywnaol Rem's Antique Armour Shoppe.
 43678 | Vaults:3 | Noticed Mennas
 43722 | Vaults:3 | Killed Mennas
 43940 | Vaults:3 | Reached skill level 10 in Spellcasting
 44168 | Vaults:3 | Noticed Zenata
 44174 | Vaults:3 | Killed Zenata
 44416 | Vaults:3 | You fall into a shaft and drop 1 floor!
 44745 | Vaults:4 | Found Tucw's Weapon Shop.
 45242 | Vaults:4 | Found Arolirau's Antique Weapon Shop.
 46072 | Vaults:3 | Reached XP level 23. HP: 148/192 MP: 37/37
 46171 | Vaults:3 | Noticed Jory
 46179 | Vaults:3 | Killed Jory
 46643 | Vaults:3 | Reached skill level 5 in Summonings
 46851 | Vaults:3 | Found a staircase to the Crypt.
 47114 | Depths:1 | Entered Level 1 of the Depths
 47129 | D:15     | Reached skill level 20 in Armour
 47973 | Depths:1 | Found a sparkling altar of Nemelex Xobeh.
 48628 | Depths:1 | Found a gateway to Hell.
 48985 | Abyss:2  | Cast into level 2 of the Abyss (hell knight)
 49002 | Depths:2 | Escaped the Abyss
 49082 | Depths:2 | Noticed a golden dragon
 49089 | Depths:2 | Killed a golden dragon
 49351 | Depths:2 | Found a one-way gate leading to the halls of Pandemonium.
 49722 | Depths:2 | Identified the +2 war axe of Iveas {flame, Str+3}
 49898 | Depths:2 | Reached XP level 24. HP: 174/200 MP: 35/38
 49929 | Depths:2 | Found a one-way gateway to a ziggurat.
 50740 | Depths:4 | Entered Level 4 of the Depths
 51376 | Depths:3 | Identified the +0 glaive of Fedhas, Gazing {venom, rElec
                  | rPois}
 52793 | Depths:4 | Found a large runed translucent door.
 52793 | Depths:4 | Found a large runed translucent door.
 52795 | Depths:4 | Noticed Biunumosm's ghost (adept OpVM)
 52801 | Depths:4 | Killed Biunumosm's ghost
 52805 | Depths:4 | Identified the +2 mace "Goblinslayer" {drain, Str+2 Dex+3}
 52996 | Depths:4 | Reached skill level 21 in Armour
 53628 | Depths:4 | Found a gate to the Realm of Zot.
 53634 | Depths:4 | Reached skill level 5 in Dodging
 54526 | Crypt:1  | Entered Level 1 of the Crypt
 54739 | Crypt:1  | Reached XP level 25. HP: 208/208 MP: 35/39
 56272 | Crypt:2  | Reached skill level 10 in Summonings
 57129 | Crypt:3  | Entered Level 3 of the Crypt
 57337 | Crypt:3  | Identified the ring "Peuboyt" {rN+ Str+3}
 57341 | Crypt:3  | Identified the ring of Quowaoh {rC++ rN+ rCorr Str-3}
 57506 | Crypt:3  | Found a staircase to the Tomb.
 57724 | Crypt:3  | Reached skill level 15 in Conjurations
 57832 | Crypt:3  | Reached skill level 22 in Armour
 58542 | Crypt:3  | Identified the +7 triple crossbow of the Tired Beds {drain,
                  | Fragile rPois Will+++ Int-2}
 58543 | Crypt:3  | Identified the amulet "Igaimuqe" {Reflect Harm rElec SH+5
                  | Stlth+}
 58549 | Crypt:3  | Got Gloorx Vloq's Compilation of Foul Debased Acts
 58551 | Crypt:3  | Identified the ring of Itaehinn {Fire +Blink rPois rCorr
                  | Dex-2}
 58847 | D:13     | You paid a toll of +4 fire dragon scales to enter a
                  | treasure trove
 58848 | Trove    | Entered a treasure trove
 58851 | Trove    | Found the +10 tower shield of Ignorance {rN+ Int-4}
 58854 | Trove    | Identified the +2 robe of Narcissism {rC- Regen+ Dex+3
                  | Archmagi}
 58856 | Trove    | Identified the +0 pair of gloves of Nesi {Contam rC+ rN+
                  | rCorr Str+4}
 58860 | Trove    | Identified the +1 leather armour of Unambiguity {rPois
                  | Regen+}
 58864 | Trove    | Identified the +2 pair of gloves "Xigreir" {rF+}
 58866 | Trove    | Identified the scarf "Ycism" {harm, rElec rF+ rC+ Str+2}
 58867 | Trove    | Identified the +1 pair of gloves of an ossuary {rC++ MP-9
                  | Int+4}
 58869 | Trove    | Identified the +7 plate armour of Gozag's Benevolence
                  | {Regen+ Dex+2}
 59103 | Slime:1  | Entered Level 1 of the Pits of Slime
 59578 | Slime:5  | Entered Level 5 of the Pits of Slime
 59613 | Slime:4  | Reached XP level 26. HP: 188/217 MP: 10/40
 59947 | Slime:5  | Noticed the Royal Jelly
 59958 | Slime:5  | Killed the Royal Jelly
 59976 | Slime:5  | HP: 9/218 [acid[the Royal Jelly] (3)]
 60303 | Slime:5  | Found the +8 Vampire's Tooth {megavamp}
 60320 | Slime:5  | Identified the ring of Totig {+Blink rF- rC+ Slay+4}
 60327 | Slime:5  | Identified the +4 scimitar "Bupediz" {venom, *Corrode rN+
                  | Int+7 Dex+4}
 60350 | Slime:5  | Identified the +3 hand axe "Puolatit" {venom, rN+ rCorr
                  | Str+3}
 60386 | Slime:5  | Identified the +5 eveningstar "Qyribam" {spect, rElec Int+3
                  | Dex+3}
 60401 | Slime:5  | Identified the staff of cold "Hukhlevic" {Fly rC+ Will+}
 60422 | Slime:5  | Got a slimy rune of Zot
 60426 | Slime:5  | Identified the orb of Jaahol {*Rage, rF+}
 60441 | Slime:5  | Identified the +1 halberd "Atsoin" {drain, rElec Dex+3}
 60686 | Slime:5  | Learned a level 1 spell: Apportation
 60913 | Elf:1    | Entered Level 1 of the Elven Halls
 61079 | Elf:1    | Learned a level 5 spell: Iskenderun's Battlesphere
 61248 | Elf:1    | Learned a level 4 spell: Iskenderun's Mystic Blast
 62444 | Elf:2    | Identified the +1 battleaxe of the Candle {drain, SInv}
 62601 | Elf:2    | Found a huge runed translucent gate.
 62601 | Elf:2    | Found a huge runed translucent gate.
 62601 | Elf:2    | Found a huge runed translucent gate.
 62617 | Elf:2    | Found a huge runed translucent gate.
 62617 | Elf:2    | Found a huge runed translucent gate.
 63645 | Elf:3    | Entered Level 3 of the Elven Halls
 63648 | Elf:3    | Reached skill level 23 in Armour
 63789 | Elf:3    | Found Otu Orgh's Weapon Boutique.
 64010 | Elf:3    | Learned a level 7 spell: Spellforged Servitor
 64091 | Elf:3    | Learned a level 8 spell: Lehudib's Crystal Spear
 65277 | Elf:3    | Identified the ring of Zuqalale {Fly rPois Will+}
 65284 | Elf:3    | Identified the +7 glaive "Vommetzi" {holy, rF+ rC++ rN+}
 65391 | Elf:3    | Reached XP level 27. HP: 204/226 MP: 8/40
 65670 | Elf:3    | Identified the amulet of Miracles {Spirit Harm Drain Str-4
                  | Stlth+}
 65674 | Elf:3    | Identified the staff of death "Zoptenilo" {rElec rF+ rN+}
 65676 | Elf:3    | Identified the amulet "Fioho" {Regen+ Int+6}
 65690 | Elf:3    | Got Tuluihog's Textbook on the Glowing Oath
 65694 | Elf:3    | Identified the staff of air "Fataox" {rElec rC++}
 65697 | Elf:3    | Identified the +4 ring mail of the Apothecary {rC- Str+5
                  | Int+3}
 66241 | Zot:1    | Entered Level 1 of the Realm of Zot
 67738 | Zot:1    | Found a runed translucent gate.
 67738 | Zot:1    | Found a runed translucent gate.
 67738 | Zot:1    | Found a runed translucent gate.
 67739 | Zot:1    | Found an ancient bone altar of Kikubaaqudgha.
 67739 | Zot:1    | Noticed an ancient lich
 67739 | Zot:1    | Noticed an ancient lich
 67739 | Zot:1    | Noticed a dread lich
 67739 | Zot:1    | Noticed Ogritsah's ghost (legendary MiBe)
 67740 | Zot:1    | Noticed a dread lich
 67755 | Zot:1    | Killed an ancient lich
 67803 | Zot:1    | Killed a dread lich
 67807 | Zot:1    | Got the Book of Grisly Shapes
 67808 | Zot:1    | Identified the +2 helmet "Nuettorot" {Contam Regen+ Int+2
                  | Dex+7}
 67913 | Zot:1    | Identified the ring of Peary {Will+ Str+2}
 67918 | Zot:1    | Identified the -1 pair of gloves of Infinity {rF+ Int+5}
 67934 | Zot:1    | Got Kikubaaqudgha's Teachings on Black Rites
 67998 | Zot:1    | Killed Ogritsah's ghost
 68003 | Zot:1    | Killed a dread lich
 68086 | Zot:2    | Noticed an orb of fire
 68093 | Zot:2    | Killed an orb of fire
 68094 | Zot:2    | Reached skill level 24 in Armour
 68417 | Zot:1    | Killed an ancient lich
 69395 | Zot:2    | Noticed a Killer Klown
 69592 | Zot:2    | Learned a level 7 spell: Orb of Destruction
 69863 | Zot:2    | Noticed Parghit
 69868 | Zot:2    | Killed Parghit
 69869 | Zot:2    | Noticed an orb of fire
 69876 | Zot:2    | Killed an orb of fire
 70034 | Zot:2    | Killed a Killer Klown
 70162 | Zot:2    | Identified the +0 plate armour "Foyph" {MP+9}
 70721 | Zot:3    | Noticed Grunn
 70763 | Zot:3    | Killed Grunn
 71033 | Zot:3    | Reached skill level 15 in Spellcasting
 71844 | Zot:4    | Noticed an ancient lich
 72159 | Zot:4    | Killed an ancient lich
 73262 | Zot:4    | Reached skill level 25 in Armour
 74436 | Zot:5    | Entered Level 5 of the Realm of Zot
 75769 | Depths:3 | Voluntarily entered the Abyss.
 75781 | Abyss:2  | Found a corrupted altar of Lugonu.
 75860 | Abyss:3  | Got an abyssal rune of Zot
 76262 | Abyss:3  | Gained mutation: You are frail. (-10% HP) [a neqoxec]
 76308 | Depths:3 | Escaped the Abyss
 76496 | Hell     | Entered the Vestibule of Hell
 76496 | Hell     | Noticed Geryon
 76730 | Hell     | Noticed Murray
 76735 | Hell     | Killed Murray
 78135 | Abyss:3  | Cast into level 3 of the Abyss (reaper)
 78285 | Hell     | Escaped the Abyss
 78670 | Hell     | Killed Geryon
 78979 | Hell     | Found a gateway to the freezing wastes of Cocytus.
 78991 | Hell     | Found a gateway to the decaying netherworld of Tartarus.
 79032 | Hell     | Found a gateway to the ashen valley of Gehenna.
 79142 | Hell     | Found a gateway to the Iron City of Dis.
 79339 | Dis:1    | Entered Level 1 of the Iron City of Dis
 79339 | Dis:1    | You are sucked into a shaft and drop 1 floor!
 79784 | Dis:3    | Reached skill level 10 in Staves
 79949 | Dis:4    | Noticed a dread lich
 79949 | Dis:4    | Noticed an ancient lich
 79949 | Dis:4    | Noticed an ancient lich
 79952 | Dis:4    | Killed an ancient lich
 79955 | Dis:4    | Killed a dread lich
 79995 | Dis:4    | Killed an ancient lich
 80162 | Dis:4    | Noticed an ancient lich
 80189 | Dis:4    | Killed from afar by a hellion

Illustrated notes

Levels and vault maps discovered:
D:1:      tarquinn_simple_flora_water_a, layout_loops_ring,
          ebering_ecumenical_altar_hall, minmay_crystal_room
D:2:      wad_river_or_something, layout_basic, minmay_tiny_reverse_x,
          uniq_crazy_yiuf_cottage
D:3:      layout_rooms, serial_shops, shop, uniq_natasha
D:4:      minmay_skewed_foursquare, layout_gridville, mainiacjoe_overflow_swirl,
          minmay_temple_entry_offerings
D:5:      layout_basic, nicolae_hepliaklqana_hazy_memory
D:6:      layout_basic, pdpol_wu_jian_five_deadly_venoms,
          minmay_misc_feat_encased, nicolae_concentric_dashed_squares_wild
D:7:      layout_cave_pods, serial_gnoll_camp, gnoll_camp_huts_basic,
          gnoll_camp_mini_sergeant, gnoll_camp_mini_hut, gnoll_camp_mini_hut,
          gnoll_camp_mini_hut, uniq_joseph, uniq_prince_ribbit1, uniq_pikel
D:8:      layout_basic, amcnicky_altar_gilded, st_stairs_13
D:9:      layout_basic, fedhas_ov_isle_minmay, nicolae_specific_store,
          serial_bayou_ford_a, chequers_serial_rivers_small_3, uniq_psyche
D:10:     layout_cave_pools, kennysheep_little_box, lair_entry_dummy,
          minmay_misc_feat_hallway
D:11:     layout_small_grid, serial_glass, glass_columns_a, glass_columns_c,
          grunt_ministairs_14, kennysheep_generic_room_16
D:12:     layout_long_grid, grunt_ministairs_4, uniq_jorgrun, uniq_fannar,
          uniq_erolcha, uniq_snorg, uniq_sonja, uniq_josephine, uniq_frances
D:13:     layout_loops_cross, david_vaults_3, nicolae_trove_entry_path_of_doom,
          lightli_minifort
D:14:     minmay_inside_and_out, layout_irregular_city, nicolae_ru_awakened_eye,
          nicolae_lava_and_water, hex_medium, grunt_decor_junction, uniq_kirke
D:15:     grunt_enter_depths_hoard, layout_loops_corners, serial_park_fountain,
          argonaut_gorgonesque
Temple:   regret_index_temple_generic_petals
Lair:1:   layout_cave_pods
Lair:2:   layout_roguey, minmay_snake_entry_guardpost_small,
          chequers_serial_rivers_large_a, uniq_amaemon
Lair:3:   layout_roguey, elwin_shoals_entry_rocks, infiniplex_staircase_pool_2,
          lemuel_fruit_tree
Lair:4:   layout_roguey
Lair:5:   hellmonk_lair_end_abyssal_woods, layout_misc_corridors, slime_entry_1,
          grunt_megastairs_2
Shoals:1: layout_shoals, ldierk_geyser
Shoals:2: cheibrodos_shoals_baths, layout_shoals, nicolae_shop_dragon_depot,
          st_shoals_ruin
Shoals:3: layout_shoals, serial_shops, nicolae_shop_trees
Shoals:4: shoals_end_hellmonk_lost_city
Snake:1:  layout_misc_corridors, ebering_ghost_reflecting_pool, uniq_nikola
Snake:2:  layout_cave_shapes, ebering_ghost_disaster_area, drop_trap,
          nicolae_snake_guarding_the_ruins, nicolae_triple_integral,
          uniq_vashnia
Snake:3:  nicolae_snake_unarmed_stairs_patrol, layout_grid_maze,
          ebering_ghost_reflecting_pool, nicolae_snake_gridmaze_big_u
Snake:4:  johnstein_snake_rune_scales, layout_rooms, st_stairs_5,
          grunt_megastairs_4, minmay_shop_grove, uniq_saint_roka
Slime:1:  layout_caves, cheibrodos_slime_lost_civilization_4
Slime:2:  layout_caves
Slime:3:  layout_caves
Slime:4:  layout_caves, uniq_dissolution
Slime:5
Orc:1:    layout_caves, uniq_urug
Orc:2:    st_orc_rangers, layout_caves, gauntlet_entry_generic,
          kennysheep_orc_sif_temple
Elf:1:    layout_loops_cross, minmay_elf_crystal_heptagon,
          palyth_stone_intersect, fake_guardian_serpent_vault
Elf:2:    elven_hall_of_blades_hangedman_alternative
          [mumra_blade_entry_bloodbath], layout_geoelf_octagon, minivault_11
Elf:3:    minmay_elf_hall_dome, layout_geoelf_octagon, serial_shops,
          nicolae_shop_temple_entry_statues_fountains, grunt_megastairs_3
Vaults:1: vaults_dpeg_encased_lava, nicolae_vaults_circle_grid_a,
          nicolae_vaults_windows_and_doors_thing, vaults_room_hallway,
          hangedman_vaults_trim, nicolae_vaults_yaktaur_gun_rack,
          layout_vaults_chaotic_city, uniq_donald
Vaults:2: nicolae_vaults_mini_display_case, vaults_dpeg_emergency_exit,
          nicolae_vaults_big_angled_halls, gammafunk_sealed_arena,
          hangedman_vaults_corner, vaults_room_corners,
          ontoclasm_vaults_misaligned, v_pattern_5, nicolae_vaults_asterisk,
          ontoclasm_vaults_ring_square, v_misc_5, nicolae_vaults_asterisk,
          nicolae_vaults_ring_of_whatevers, v_alt_pattern_5,
          layout_vaults_omnicross
Vaults:3: hangedman_vaults_cutoff, v_misc_11, v_misc_19,
          nicolae_vaults_quartermaster, hangedman_vaults_maws,
          vaults_room_corners, ontoclasm_vaults_tryst, vaults_room_octagon,
          ontoclasm_vaults_decontamination, v_misc_3,
          nicolae_vaults_specimen_jars, v_misc_10, vaults_dpeg_cross,
          minmay_crypt_entry_simple_box, vaults_dpeg_diagonal, v_misc_16,
          layout_vaults_ring, serial_shops, nicolae_shop_overgrown_old_shop,
          uniq_zenata, uniq_jory, uniq_mennas
Vaults:4: grunt_vaults_funnel, nicolae_vaults_angled_halls,
          vaults_mumra_chevron, vaults_room_semicircle, vaults_room_corners,
          ontoclasm_vaults_loading_screen, layout_vaults_omnigrid, serial_shops,
          nicolae_shop_bloodbath_and_beyond, nicolae_shop_overgrown_old_shop
Crypt:1:  layout_chaotic_city, st_stairs_7, minmay_strange_pillars,
          nicolae_crypt_ancient_font, grunt_crypt_arrival_webbed
Crypt:2:  layout_basic
Crypt:3:  david_glass_crypt, layout_misc_corridors, st_stairs_2,
          wad_floor_pattern_untrapped
Depths:1: layout_cave_pools, hellmouth_1, dk_noncrumbling_3,
          minmay_misc_feat_tower, nemelex_diamond_rough_becter
Depths:2: minmay_sliced_demisemicircle, layout_long_grid, enter_ziggurat_c,
          grunt_pan_entry_spiral, grunt_hell_entry_dis_grunt
Depths:3: gammafunk_mikee_crab_dinner, layout_twisted_cross, dk_noncrumbling_4,
          pan_entry, grunt_mini_vestibule, abyss_entry, serial_bayou_shore_a,
          serial_bayou_shore_b, minmay_staircase_statues
Depths:4: grunt_zot_entry_tricorne, layout_gridlike, minmay_misc_feat_chi,
          hell_entry, ebering_ghost_disaster_area
Hell
Dis:1:    layout_subdivisions
Dis:2:    layout_jigsaw
Dis:3:    layout_subdivisions, hangedman_dis_decor_tower
Dis:4:    layout_jigsaw, nicolae_dis_liches_on_tour
Zot:1:    layout_twisted_circle, gammafunk_ghost_crypt
Zot:2:    layout_gridlike, zot_minivault_1, uniq_parghit
Zot:3:    layout_onion_interference, uniq_josephina, uniq_grunn
Zot:4:    ebering_greatest_show_in_zot, layout_gridlike,
          hangedman_zot_decor_checkerboard
Zot:5:    layout_gridlike, hangedman_zot_diagonal_lockstep, st_stairs_1

Skill      XL: |  1  2  3  4  5  6  7  8  9 10 11 12 13 14 15 16 17 18 19 20 21 22 23 24 25 26 27 |
---------------+----------------------------------------------------------------------------------+-----
Earth Magic    | 4 5 6 7 8 10 12 13 14 15 16 17 18 19 20 22 | 22.9
Fighting       | 1 2 4 6 7 8 10 11 12 13 14 15 16 17 18 19 20 22 | 22.3
Transmutations | 2 3 |  3.0
Shields        | 1 2 4 5 6 8 9 11 13 14 16 17 18 19 20 | 20.0
Spellcasting   | 3 6 7 8 9 10 11 12 13 16 | 16.3
Invocations    | 1 3 4 6 7 8 10 12 13 | 13.0
Armour         | 2 4 7 9 10 12 14 15 16 17 18 19 20 21 22 23 25 | 25.7
Staves         | 2 5 10 | 10.4
Conjurations   | 3 6 8 10 11 12 13 14 15 16 18 | 18.1
Summonings     | 1 3 4 7 9 10 12 | 12.4
Dodging        | 3 5 6 8 |  8.0
Stealth        | |  2.4

Action                     |  1- 3 |  4- 6 |  7- 9 | 10-12 | 13-15 | 16-18 | 19-21 | 22-24 | 25-27 || total
---------------------------+-------+-------+-------+-------+-------+-------+-------+-------+-------++-------
  Melee: Dagger            |     8 |       |       |    25 |   278 |    82 |       |       |       ||   393
         Quarterstaff      |       |    19 |     3 |     1 |       |       |       |       |       ||    23
         Staff             |       |       |       |       |       |   756 |   803 |   844 |  1903 ||  4306
         Unarmed           |       |       |       |       |       |    30 |       |       |       ||    30
         Lajatang          |       |       |       |       |       |       |     7 |     3 |       ||    10
  Throw: Dart              |       |       |       |    10 |    12 |     5 |     1 |     1 |       ||    29
         Throwing net      |       |       |       |     4 |     1 |       |       |       |       ||     5
   Cast: Sandblast         |    51 |    93 |   121 |   315 |   793 |   693 |   202 |     5 |    32 ||  2305
         Passwall          |       |       |     1 |       |     1 |     6 |     1 |       |     8 ||    17
         Petrify           |       |       |       |     1 |     5 |       |     2 |     1 |       ||     9
         Lee's Rapid Decon |       |       |       |       |    13 |    11 |    24 |    23 |    96 ||   167
         Stone Arrow       |       |       |       |       |    29 |    90 |    72 |     8 |    30 ||   229
         Animate Armour    |       |       |       |       |       |    13 |    83 |   113 |   188 ||   397
         Iron Shot         |       |       |       |       |       |       |    16 |   143 |   252 ||   411
         Iskenderun's Myst |       |       |       |       |       |       |       |       |    16 ||    16
         Iskenderun's Batt |       |       |       |       |       |       |       |       |     4 ||     4
         Spellforged Servi |       |       |       |       |       |       |       |       |    56 ||    56
         Lehudib's Crystal |       |       |       |       |       |       |       |       |    19 ||    19
         Orb of Destructio |       |       |       |       |       |       |       |       |    10 ||    10
 Invoke: Slouch            |       |       |       |       |     8 |    10 |    10 |     4 |    12 ||    44
         Step From Time    |       |       |       |       |     2 |       |       |       |     5 ||     7
         Bend Time         |       |       |       |       |     1 |     1 |       |       |       ||     2
         Temporal Distorti |       |       |       |       |       |       |       |     1 |     1 ||     2
Ability: Dig               |       |       |     1 |     2 |     5 |     5 |     2 |     3 |     7 ||    25
         Shaft Self        |       |       |       |       |     1 |       |       |       |       ||     1
  Evoke: Wand              |       |       |       |     3 |     9 |     6 |       |       |       ||    18
         Box of beasts     |       |       |       |       |     1 |     1 |       |     2 |     1 ||     5
         Phantom mirror    |       |       |       |       |     1 |       |       |     1 |       ||     2
         Horn of Geryon    |       |       |       |       |       |       |       |       |     1 ||     1
    Use: Scroll            |     5 |     3 |       |     4 |     3 |    16 |     7 |     1 |    17 ||    56
         Potion            |       |       |       |       |     9 |     7 |     1 |     7 |    18 ||    42
   Stab: Paralysed         |       |       |       |     2 |       |       |       |       |       ||     2
         Petrifying        |       |       |       |       |     1 |       |       |       |       ||     1
         Petrified         |       |       |       |       |     7 |       |       |       |       ||     7
         Invisible         |       |       |       |       |       |     2 |       |       |       ||     2
         Distracted        |       |       |       |       |       |     1 |     2 |     6 |    14 ||    23
         Sleeping          |       |       |       |       |       |       |     1 |       |       ||     1
 Armour: Robe              |     6 |    31 |    30 |    67 |       |       |       |       |       ||   134
         Plate armour      |       |       |       |    24 |    41 |       |       |       |       ||    65
         Scale mail        |       |       |       |       |   286 |       |       |       |       ||   286
         Chain mail        |       |       |       |       |   122 |       |       |       |       ||   122
         Crystal plate arm |       |       |       |       |    44 |   643 |   610 |   776 |  1229 ||  3302
  Dodge: Dodged            |    31 |    44 |    46 |    98 |   278 |   158 |   193 |   297 |   661 ||  1806
  Block: Buckler           |       |    13 |     8 |       |       |       |       |       |       ||    21
         Kite shield       |       |       |    19 |    53 |       |       |       |       |       ||    72
         Tower shield      |       |       |     9 |   179 |  1553 |  2127 |  1953 |  2014 |  3764 || 11599
         Reflection        |       |       |       |       |    89 |   219 |   228 |    98 |    84 ||   718
         Other             |       |       |       |       |       |     1 |       |       |       ||     1

Table legend: (Time is in decaauts)
 A = Elapsed time spent in this place.
 B = Non-inter-level travel time spent in this place.
 C = Inter-level travel time spent in this place.
 D = Time resting spent in this place.
 E = Time spent auto-exploring this place.
 F = Levels seen in this place.
 G = Mean time per level.
                   A        B        C        D        E       F      G
               +--------+--------+--------+--------+--------+-----+--------+
         Total | 114263 | 103475 |  10788 |  18394 |  62305 |  66 | 1731.3 |
       Dungeon |  26622 |  22832 |   3790 |   2755 |  15802 |  15 | 1774.8 |
        Temple |    258 |    208 |     50 |      0 |    199 |   1 |  258.0 |
          Lair |  10814 |   9412 |   1402 |    987 |   6812 |   5 | 2162.8 |
        Shoals |   5969 |   5652 |    317 |    718 |   3222 |   4 | 1492.2 |
     Snake Pit |  12030 |  11276 |    754 |   1758 |   6278 |   4 | 3007.5 |
    Slime Pits |   2370 |   2178 |    192 |    653 |    696 |   5 |  474.0 |
  Orcish Mines |   2534 |   2032 |    502 |    193 |   1451 |   2 | 1267.0 |
   Elven Halls |   7492 |   6814 |    678 |   1130 |   4047 |   3 | 2497.3 |
        Vaults |  12300 |  11080 |   1220 |   1261 |   7519 |   4 | 3075.0 |
         Crypt |   6033 |   5704 |    329 |    407 |   4198 |   3 | 2011.0 |
        Depths |  12045 |  10967 |   1078 |   3306 |   5641 |   4 | 3011.2 |
          Hell |    978 |    978 |      0 |      9 |    564 |   1 |  978.0 |
           Dis |    931 |    931 |      0 |    556 |      0 |   4 |  232.8 |
           Zot |  11893 |  11424 |    469 |   4036 |   5459 |   5 | 2378.6 |
         Abyss |    834 |    834 |      0 |    307 |     22 |   4 |  208.5 |
         Trove |     81 |     81 |      0 |      0 |      0 |   1 |   81.0 |
      Gauntlet |   1072 |   1072 |      0 |    318 |    393 |   1 | 1072.0 |
               +--------+--------+--------+--------+--------+-----+--------+

Top non-repeatable levels by time:
Depths:3: 4695 daAuts
    D:15: 4006 daAuts
 Snake:1: 3388 daAuts
Vaults:3: 3351 daAuts
Vaults:2: 3347 daAuts
  Lair:5: 3296 daAuts
   Elf:3: 3283 daAuts
   Zot:1: 3172 daAuts
 Snake:2: 3133 daAuts
Vaults:1: 3023 daAuts
 Snake:3: 3021 daAuts
Depths:2: 2964 daAuts
    D:12: 2942 daAuts
   Zot:4: 2655 daAuts
Vaults:4: 2578 daAuts
